 Dungeon Crawl Stone Soup version 0.30-a0-840-ga523dec638 (webtiles) character file.

Game seed: 1369602651704354588

72 jasper the Trooper (level 4, -2/35 HPs)
             Began as a Demonspawn Cinder Acolyte on Mar 1, 2023.
             Was an Elder of Ignis.
             Killed by divine providence
             ... invoked by an orc priest
              (10 damage)
             ... on level 3 of the Dungeon.
             The game lasted 00:03:45 (1915 turns).

jasper the Trooper (Demonspawn Cinder Acolyte)      Turns: 1915, Time: 00:03:45

Health: -2/35      AC:  8    Str: 15    XL:     4   Next: 6%
Magic:  5/5        EV: 10    Int: 15    God:    Ignis [****..]
Gold:   160        SH:  5    Dex: 10    Spells: 5/5 levels left

rFire   + . .      SeeInvis .    h - +4 mace (drain)
rCold   . . .      Faith    .    m - +2 buckler
rNeg    . . .      Spirit   .    j - +0 ring mail
rPois   .          Reflect  .    (no helmet)
rElec   .          Harm     .    i - +0 cloak
rCorr   .          Rampage  .    (no gloves)
Will    .....                    (no boots) Stlth
                                 (no amulet)
HPRegen 0.25/turn                (no ring)
MPRegen 0.09/turn                (no ring)

@: no status effects
A: claws 1, icy blue scales 1
a: Renounce Religion, Fiery Armour, Foxfire Swarm, Rising Flame


You were on level 3 of the Dungeon.
You worshipped Ignis.
Ignis was greatly pleased with you.
You visited 1 branch of the dungeon, and saw 3 of its levels.

You collected 160 gold pieces.

Inventory:

Hand Weapons
 a - a -1 spear of flaming
 c - a +0 trident
 h - a +4 mace of draining (weapon)
Armour
 b - a +0 robe
 i - a +0 cloak (worn)
 j - a +0 ring mail (worn)
 m - a +2 buckler (worn)
Scrolls
 g - 2 scrolls of identify
 k - a scroll of fog {unknown}
Potions
 d - a potion of might
 e - a potion of magic


   Skills:
 - Level 3.3 Fighting
 - Level 2.6 Polearms
 - Level 1.1 Armour
 - Level 0.7 Dodging
 + Level 1.0 Shields
 * Level 2.1 Unarmed Combat
 - Level 1.0 Spellcasting
 - Level 2.6 Fire Magic


You had 5 spell levels left.
You didn't know any spells.
Your spell library contained the following spells:

 Spells                   Type           Power      Damage    Failure   Level
 Scorch                   Fire           16%        2d6       32%         2
 Chain Lightning          Conj/Air       0%         N/A       100%        9
 Fire Storm               Conj/Fire      2%         8d1       100%        9
 Shatter                  Erth           0%         3d5*      100%        9


Dungeon Overview and Level Annotations

Branches:
Dungeon (3/15)

Altars:


Innate Abilities, Weirdness & Mutations

You have sharp fingernails.
You are partially covered in icy blue scales. (AC +2)


Message History

The orc hits you with a +2 war axe of electrocution.
The orc hits your foxfire with a +2 war axe of electrocution.
You take 3 damage, and have 12/35 hp.
Your foxfire dissipates!
The orc attacks as you move away! The orc hits you but does no damage.
The orc hits your foxfire with a +2 war axe of electrocution!
The foxfire hits the orc.
The orc is moderately wounded.
The orc throws a throwing net.
The throwing net hits you.
You become entangled in the net!
You see here a throwing net.
Activating: Foxfire Swarm
Press: ? - help, Dir - look around, f - activate Flames leap up around you!
The foxfire hits the orc.
The orc is heavily wounded.
You struggle against the net.
The foxfire hits the orc priest.
The orc priest is lightly wounded.
The foxfire hits the orc priest.
The orc priest is moderately wounded.
The foxfire hits the orc priest but does no damage.
The orc priest is moderately wounded.
You struggle against the net.
The orc priest hits you but does no damage.
The orc hits you with a +2 war axe of electrocution!
* * * LOW HITPOINT WARNING * * *
You take 7 damage, and have 6/35 hp.
You feel better. The orc hits you but does no damage.
The orc priest hits you but does no damage.
You regained 5 hp, and now have 11/35 hp.
Okay, then.
You struggle against the net.
The orc priest hits you with a +0 club.
* * * LOW HITPOINT WARNING * * *
The orc hits you with a +2 war axe of electrocution.
* * * LOW HITPOINT WARNING * * *
You take 4 damage, and have 7/35 hp.
You shred the net and break free! You block the orc priest's attack.
The orc closely misses you.
The orc priest invokes the aid of Beogh against you.
Beogh smites you!
You die...

######### ........#
#.#########o##################
#....<).)...o@................
##....######################.#
.....#. #.....# #.# .... #.
###.#...###.# ..< #.
#...........# .# #.
###....###..# ## #.........#
#....###... #....#####.


You could see an orc priest and an orc.

Vanquished Creatures
  An adder (D:2)
  2 worms (D:2)
  3 dart slugs (D:1)
  An orc (D:3)
  3 bats
  4 endoplasms
  2 giant cockroaches (D:2)
  9 goblins
  2 hobgoblins (D:2)
  4 jackals (D:1)
  4 kobolds
  A quokka (D:2)
  5 ball pythons
  5 frilled lizards
  A rat (D:1)
47 creatures vanquished.

Vanquished Creatures (others)
  5 foxfires (D:3)
5 creatures vanquished.

Grand Total: 52 creatures vanquished

Notes
Turn   | Place    | Note
-------+----------+-------------------------------------------
     0 | D:1      | jasper the Demonspawn Cinder Acolyte began the quest for
                  | the Orb.
     0 | D:1      | Reached XP level 1. HP: 18/18 MP: 2/2
   272 | D:1      | Gained mutation: You have sharp fingernails. [demonic
                  | ancestry]
   272 | D:1      | Reached XP level 2. HP: 21/24 MP: 3/3
   441 | D:1      | Reached skill level 1 in Armour
   560 | D:1      | Reached skill level 1 in Unarmed Combat
   698 | D:1      | Reached XP level 3. HP: 29/29 MP: 4/4
   852 | D:1      | Found a faded altar of an unknown god.
  1828 | D:3      | Gained mutation: You are partially covered in icy blue
                  | scales. (AC +2) [demonic ancestry]
  1828 | D:3      | Reached XP level 4. HP: 34/35 MP: 5/5
  1903 | D:3      | Reached skill level 1 in Shields
  1915 | D:3      | Killed from afar by an orc priest

Illustrated notes

Levels and vault maps discovered:
D:1:      amcnicky_arrival_gap_in_the_tavern_cellar, layout_loops_ring,
          dreamdust_ecumenical_altar_hidden_monk_grotto,
          kennysheep_decorative_pillar
D:2:      layout_basic
D:3:      layout_basic, nicolae_yredelemnul_ghost_church,
          biasface_ghost_orc_armoury, interstate_on_off

Skill      XL: |  1  2  3  4 |
---------------+-------------+-----
Armour         | 1 |  1.1
Unarmed Combat | 1 2 |  2.1
Shields        | 1 |  1.0
Fighting       | |  3.3
Polearms       | |  2.6
Dodging        | |  0.7
Spellcasting   | |  1.0
Fire Magic     | |  2.6

Action                     |  1- 3 |  4- 6 || total
---------------------------+-------+-------++-------
  Melee: Spear             |    88 |       ||    88
         Mace              |    55 |     6 ||    61
  Throw: Stone             |     3 |       ||     3
 Invoke: Foxfire Swarm     |       |     2 ||     2
    Use: Scroll            |     8 |       ||     8
         Potion            |       |     1 ||     1
 Armour: Robe              |     4 |       ||     4
         Ring mail         |    28 |     6 ||    34
  Dodge: Dodged            |    63 |     6 ||    69
  Block: Buckler           |    22 |     5 ||    27

Table legend: (Time is in decaauts)
 A = Elapsed time spent in this place.
 B = Non-inter-level travel time spent in this place.
 C = Inter-level travel time spent in this place.
 D = Time resting spent in this place.
 E = Time spent auto-exploring this place.
 F = Levels seen in this place.
 G = Mean time per level.
                   A        B        C        D        E       F      G
               +--------+--------+--------+--------+--------+-----+--------+
         Total |   1943 |   1894 |     49 |     84 |   1380 |   3 |  647.7 |
       Dungeon |   1943 |   1894 |     49 |     84 |   1380 |   3 |  647.7 |
               +--------+--------+--------+--------+--------+-----+--------+

Top non-repeatable levels by time:
     D:1: 1007 daAuts
     D:2: 835 daAuts
     D:3: 101 daAuts
